 Dungeon Crawl Stone Soup version 0.28-a0-1518-gbe868bca14 (webtiles) character file.

Game seed: 11905962613179325916

99 blank1 the Cudgeller (level 4, 0/41 HPs)
             Began as a Gnoll Cinder Acolyte on Jan 16, 2022.
             Was an Initiate of Hepliaklqana.
             Slain by a fire elemental (11 damage)
             ... created by the fiery vengeance of Ignis
             ... on level 3 of the Dungeon.
             The game lasted 00:05:59 (2589 turns).

blank1 the Cudgeller (Gnoll Cinder Acolyte)         Turns: 2589, Time: 00:06:00

Health: 0/41       AC:  2    Str: 21    XL:     4   Next: 72%
Magic:  5/8        EV: 12    Int: 13    God:    Hepliaklqana [......]
Gold:   110        SH:  0    Dex: 14    Spells: 4/9 levels left

rFire   . . .      SeeInvis .   k - +3 spear
rCold   . . .      Faith    .   (no shield)
rNeg    . . .      Spirit   .   b - +0 robe
rPois   .          Reflect  .   (no helmet)
rElec   .          Harm     .   (no cloak)
rCorr   .          Rampage  .   (no gloves)
Will    .....                   (no boots)
Stlth   ++........              (no amulet)
HPRegen 0.13/turn               c - +6 ring of strength
MPRegen 0.11/turn               e - +6 ring of dexterity

@: fire susceptible
A: fangs 1, strong nose, distributed training
a: Renounce Religion


You were on level 3 of the Dungeon.
You worshipped Hepliaklqana.
Hepliaklqana was noncommittal.
You visited 1 branch of the dungeon, and saw 3 of its levels.

You collected 110 gold pieces.

Inventory:

Hand Weapons
 a - a -1 mace of flaming
 k - a +3 spear (weapon)
Armour
 b - a +0 robe (worn)
Jewellery
 c - a +6 ring of strength (left hand)
 e - a +6 ring of dexterity (right hand)
 h - a ring of ice
Scrolls
 g - a scroll of torment {unknown}
Potions
 d - a potion of mutation {unknown}
 f - a potion of attraction {unknown}
 i - a potion of haste {unknown}
 j - a potion of ambrosia {unknown}


   Skills:
 + Level 6.6 Fighting
 + Level 1.2 Short Blades
 + Level 1.2 Long Blades
 + Level 1.2 Axes
 + Level 6.6 Maces & Flails
 + Level 1.2 Polearms
 + Level 1.2 Staves
 + Level 1.2 Slings
 + Level 1.2 Bows
 + Level 1.2 Crossbows
 + Level 1.2 Throwing
 + Level 1.2 Armour
 + Level 1.2 Dodging
 + Level 1.2 Stealth
 + Level 1.2 Shields
 + Level 1.2 Unarmed Combat
 + Level 3.0 Spellcasting
 + Level 1.0 Conjurations
 + Level 1.0 Hexes
 + Level 1.0 Summonings
 + Level 1.0 Necromancy
 + Level 1.0 Translocations
 + Level 1.0 Transmutations
 + Level 5.5 Fire Magic
 + Level 1.0 Ice Magic
 + Level 1.0 Air Magic
 + Level 1.0 Earth Magic
 + Level 1.0 Poison Magic
 + Level 1.3 Invocations
 + Level 1.2 Evocations


You had 4 spell levels left.
You knew the following spells:

 Your Spells              Type           Power      Damage    Failure   Level
a - Scorch                Fire           32%        2d7       3%          2
b - Conjure Flame         Conj/Fire      10%        6-21      19%         3

Your spell library contained the following spells:

 Spells                   Type           Power      Damage    Failure   Level
 Apportation              Tloc           8%         N/A       16%         1
 Inner Flame              Hex/Fire       10%        N/A       19%         3
 Ensorcelled Hibernation  Hex/Ice        8%         N/A       22%         2
 Spider Form              Tmut/Pois      4%         N/A       41%         3
 Flame Wave               Conj/Fire      10%        2d5       52%         4
 Anguish                  Hex/Necr       2%         N/A       83%         4
 Alistair's Intoxication  Tmut/Pois      2%         N/A       99%         5
 Fire Storm               Conj/Fire      5%         8d1       100%        9


Dungeon Overview and Level Annotations

Branches:
Dungeon (3/15)

Altars:
Hepliaklqana


Innate Abilities, Weirdness & Mutations

You have very sharp teeth.
Your uncanny sense of smell can sniff out nearby items.
Your experience applies equally to all skills.


Message History

You can't see any susceptible monsters within range! (Use Z to cast anyway.) Flames lash the worm.
The worm is moderately wounded.
The worm's fire resistance burns away.
Flames lash the worm.
The worm is burned terribly!
The worm is severely wounded.
Flames lash the worm.
The worm is burned terribly!
You kill the worm!
You hear a shout!
A hobgoblin comes into view.
You see here a worm corpse.
You closely miss the hobgoblin. The hobgoblin hits you.
You hit the hobgoblin.
The hobgoblin is heavily wounded.
The hobgoblin misses you.
You hit the hobgoblin.
You kill the hobgoblin!
No target in view!
No target in view! "Burn!
Burn until nothing is left!" 2 fire elementals come into view.
There are monsters nearby!
Press: ? - help, v - describe, . - travel
Here: a fire elemental (durably summoned)
The floor.
Found a scroll labelled DOR SISHAEFUXT.
The fire elemental hits you. The fire elemental burns you!
The fire elemental hits you. The fire elemental burns you!
You hit the fire elemental.
The fire elemental is lightly damaged.
The fire elemental closely misses you.
You puncture the fire elemental!
You bite the fire elemental, but do no damage.
The fire elemental is moderately damaged.
The fire elemental hits you. The fire elemental burns you!
* * * LOW HITPOINT WARNING * * *
You closely miss the fire elemental.
The fire elemental is moderately damaged.
The fire elemental hits you. The fire elemental burns you!
You die...

.. #. ..# #. ..##
#. ... .## .. .?# #
#.# # #.# # #.# #@#
# ##.# #E#
#####.##.# #E#
......##.# ##.## #
.#.#####.# ##...#.#
.#.# #.# #......#
.#.#####.##
#....###
.#.....○○°####.#.##
.#####...°.E°....#


You could see 2 fire elementals.

Vanquished Creatures
  3 adders
  2 worms
  4 orcs (D:2)
  A bat (D:1)
  5 endoplasms
  4 giant cockroaches
  3 goblins
  5 hobgoblins
  10 jackals
  2 quokkas (D:1)
  6 ball pythons
  5 kobolds
  7 rats
57 creatures vanquished.

Vanquished Creatures (others)
  2 plants (D:1)
2 creatures vanquished.

Grand Total: 59 creatures vanquished

Notes
Turn   | Place    | Note
-------+----------+-------------------------------------------
     0 | D:1      | blank1 the Gnoll Cinder Acolyte began the quest for the
                  | Orb.
     0 | D:1      | Reached XP level 1. HP: 23/23 MP: 4/4
   160 | D:1      | HP: 1/23 [kobold (5)]
   165 | D:1      | Reached XP level 2. HP: 2/29 MP: 5/5
   402 | D:1      | Learned a level 2 spell: Scorch
   890 | D:1      | Reached XP level 3. HP: 35/35 MP: 4/7
  1031 | D:1      | Found a faded altar of an unknown god.
  1422 | D:2      | Reached skill level 1 in Invocations
  1726 | D:2      | Reached skill level 1 in Short Blades
  1726 | D:2      | Reached skill level 1 in Long Blades
  1726 | D:2      | Reached skill level 1 in Axes
  1726 | D:2      | Reached skill level 1 in Polearms
  1726 | D:2      | Reached skill level 1 in Staves
  1726 | D:2      | Reached skill level 1 in Slings
  1726 | D:2      | Reached skill level 1 in Bows
  1726 | D:2      | Reached skill level 1 in Crossbows
  1726 | D:2      | Reached skill level 1 in Throwing
  1726 | D:2      | Reached skill level 1 in Armour
  1726 | D:2      | Reached skill level 1 in Dodging
  1726 | D:2      | Reached skill level 1 in Stealth
  1726 | D:2      | Reached skill level 1 in Shields
  1726 | D:2      | Reached skill level 1 in Unarmed Combat
  1726 | D:2      | Reached skill level 1 in Evocations
  1938 | D:2      | Reached XP level 4. HP: 41/41 MP: 5/8
  1990 | D:2      | Got the Collected Works on Fire
  1999 | D:2      | Learned a level 3 spell: Conjure Flame
  2218 | D:2      | Found a hazy altar of Hepliaklqana.
  2413 | D:2      | Fell from the grace of Ignis
  2413 | D:2      | Became a worshipper of Hepliaklqana the Forgotten
  2434 | D:3      | Reached skill level 1 in Conjurations
  2434 | D:3      | Reached skill level 1 in Hexes
  2434 | D:3      | Reached skill level 1 in Summonings
  2434 | D:3      | Reached skill level 1 in Necromancy
  2434 | D:3      | Reached skill level 1 in Translocations
  2434 | D:3      | Reached skill level 1 in Transmutations
  2434 | D:3      | Reached skill level 1 in Ice Magic
  2434 | D:3      | Reached skill level 1 in Air Magic
  2434 | D:3      | Reached skill level 1 in Earth Magic
  2434 | D:3      | Reached skill level 1 in Poison Magic
  2575 | D:3      | Noticed a fire elemental
  2575 | D:3      | Noticed a fire elemental
  2589 | D:3      | Slain by a fire elemental

Illustrated notes

Levels and vault maps discovered:
D:1:      kennysheep_arrival_seaside, layout_rooms,
          shapermc_ecumenical_altar_notcrosses, minmay_hexomino_u4
D:2:      layout_rooms, basic_altar, hangedman_decor_clover_reticule
D:3:      layout_loops_ring, kennysheep_orc_sif_temple, dancing_weapons_uskayaw

Skill      XL: |  1  2  3  4 |
---------------+-------------+-----
Invocations    | 1 |  1.3
Short Blades   | 1 |  1.2
Long Blades    | 1 |  1.2
Axes           | 1 |  1.2
Polearms       | 1 |  1.2
Staves         | 1 |  1.2
Slings         | 1 |  1.2
Bows           | 1 |  1.2
Crossbows      | 1 |  1.2
Throwing       | 1 |  1.2
Armour         | 1 |  1.2
Dodging        | 1 |  1.2
Stealth        | 1 |  1.2
Shields        | 1 |  1.2
Unarmed Combat | 1 |  1.2
Evocations     | 1 |  1.2
Spellcasting   | 3 |  3.0
Conjurations   | 1 |  1.0
Hexes          | 1 |  1.0
Summonings     | 1 |  1.0
Necromancy     | 1 |  1.0
Translocations | 1 |  1.0
Transmutations | 1 |  1.0
Ice Magic      | 1 |  1.0
Air Magic      | 1 |  1.0
Earth Magic    | 1 |  1.0
Poison Magic   | 1 |  1.0
Fighting       | |  6.6
Maces & Flails | |  6.6
Fire Magic     | |  5.5

Action                   |  1- 3 |  4- 6 || total
-------------------------+-------+-------++-------
Melee: Mace              |   100 |     2 ||   102
       Bite              |     5 |     4 ||     9
       Spear             |       |    51 ||    51
 Cast: Scorch            |     3 |     6 ||     9
 Stab: Sleeping          |       |     2 ||     2
Armor: Robe              |    22 |    15 ||    37
Dodge: Dodged            |    61 |    19 ||    80

Table legend: (Time is in decaauts)
 A = Elapsed time spent in this place.
 B = Non-inter-level travel time spent in this place.
 C = Inter-level travel time spent in this place.
 D = Time resting spent in this place.
 E = Time spent auto-exploring this place.
 F = Levels seen in this place.
 G = Mean time per level.
                   A        B        C        D        E       F      G
               +--------+--------+--------+--------+--------+-----+--------+
         Total |   2601 |   2538 |     63 |    719 |   1368 |   3 |  867.0 |
       Dungeon |   2601 |   2538 |     63 |    719 |   1368 |   3 |  867.0 |
               +--------+--------+--------+--------+--------+-----+--------+

Top non-repeatable levels by time:
     D:1: 1423 daAuts
     D:2: 1013 daAuts
     D:3: 163 daAuts
